 Dungeon Crawl Stone Soup version 0.31.0-4-g52a2dc7128 (webtiles) character file.

Game seed: 4393767442053002663

67 Arctor the Vexing (level 4, -6/26 HPs)
             Began as a Kobold Hexslinger on Jan 21, 2024.
             Mangled by an ice beast (8 damage)
             ... on level 3 of the Dungeon.
             The game lasted 00:01:12 (1938 turns).

Arctor the Vexing (Kobold Hexslinger)               Turns: 1938, Time: 00:01:13

Health: -6/26      AC:  3    Str:  5    XL:     4   Next: 38%
Magic:  5/6        EV: 16    Int: 14    God:
Gold:   62         SH:  0    Dex: 19    Spells: 1/6 levels left

rFire   . . .        a - +1 sling
rCold   . . .        (no shield)
rNeg    . . .        c - +0 robe
rPois   .            (no helmet)
rElec   .            (no cloak)
rCorr   .            (no gloves)
SInv    .            k - +0 pair of boots
Will    .....        (no amulet)
Stlth   +++          (no ring)
HPRegen 0.24/turn    (no ring)
MPRegen 0.10/turn

%: no passive effects
@: weak-willed, jinxed
A: small, no large weapons, nightstalker 3
a: no special abilities


You were on level 3 of the Dungeon.
You visited 1 branch of the dungeon, and saw 3 of its levels.

You collected 62 gold pieces.

Inventory:

Hand Weapons
 a - a +1 sling (weapon)
Armour
 c - a +0 robe (worn)
 k - a +0 pair of boots (worn)
Wands
 e - a wand of quicksilver (7)
Scrolls
 b - a scroll of poison
 g - a scroll of enchant armour {unknown}
 i - a scroll of acquirement {unknown}
 j - a scroll of teleportation {unknown}
Potions
 d - a potion of curing {unknown}
 f - a potion of might {unknown}
 h - a potion of mutation {unknown}


   Skills:
 + Level 1.9 Fighting
 + Level 3.2 Ranged Weapons
 + Level 3.1 Dodging
 + Level 1.8 Stealth
 + Level 1.8 Spellcasting
 + Level 3.2 Hexes
 + Level 0.3 Summonings
 - Level 1.0 Fire Magic


You had one spell level left.
You knew the following spells:

 Your Spells              Type           Power      Damage    Failure   Level
a - Jinxbite              Hex            20%        N/A       10%         2
b - Call Canine Familiar  Summ           2%         N/A       52%         3

Your spell library contained the following spells:

 Spells                   Type           Power      Damage    Failure   Level
 Summon Small Mammal      Summ           8%         N/A       21%         1
 Sigil of Binding         Hex            10%        N/A       19%         3
 Inner Flame              Hex/Fire       7%         N/A       30%         3
 Cause Fear               Hex            5%         N/A       54%         4
 Dimensional Bullseye     Hex/Tloc       2%         N/A       77%         4
 Summon Blazeheart Golem  Fire/Summ      3%         N/A       88%         4


Dungeon Overview and Level Annotations

Branches:
Dungeon (3/15)

Altars:


Innate Abilities, Weirdness & Mutations

You are small and have problems with some larger weapons.
You are completely attuned to the shadows.


Message History

The dart slug is almost dead.
The dart slug closely misses you.
You shoot a sling bullet.
The sling bullet barely misses the dart slug.
An ice beast comes into view.
The dart slug launches a dart at you. The slug dart misses you.
You shoot a sling bullet. The sling bullet hits the dart slug.
You kill the dart slug!
A rat comes into view.
You shoot a sling bullet.
The sling bullet barely misses the ice beast.
The rat squeaks loudly.
You shoot a sling bullet.
The sling bullet hits the ice beast but does no damage.
The ice beast hits you. The ice beast freezes you.
There are monsters nearby!
Casting: Jinxbite (safe; 10% risk of failure)
Confirm with . or Enter, or press ? or * to list all spells.
You beckon some vexing sprites to accompany your attacks.
You feel your willpower being sapped.
The ice beast hits you but does no damage.
The ice beast hits you but does no damage.
There is an open door here.
The ice beast attacks as it pursues you!
The ice beast barely misses you.
The rat twitches its whiskers.
The ice beast attacks as it pursues you!
The ice beast misses you.
The ice beast attacks as it pursues you!
The ice beast barely misses you. As you open the door, it creaks loudly!
The ice beast hits you. The ice beast freezes you!
* * * LOW HITPOINT WARNING * * *
There is an open door here.
The ice beast attacks as it pursues you!
The ice beast hits you.
* * * LOW HITPOINT WARNING * * *
The ice beast freezes you!
You die...

###..###.#
###r###.#
#~~.~~#.###
#~.#.~#...#
#.#♣#.###.#
#~r#.~# #.#
#~~.~~# #.#
###Y### #.#
#@#####.#
#.......#
####.####
.######.#
....<...#
.########


You could see an ice beast and a rat.

Vanquished Creatures
  2 adders (D:2)
  2 ribbon worms (D:2)
  A dart slug (D:3)
  3 orcs (D:2)
  2 endoplasms
  A giant cockroach (D:1)
  3 goblins (D:1)
  5 hobgoblins (D:1)
  2 quokkas
  6 ball pythons
  5 bats (D:1)
  A frilled lizard (D:1)
  2 kobolds (D:1)
  6 rats
41 creatures vanquished.

Notes
Turn   | Place    | Note
-------+----------+-------------------------------------------
     0 | D:1      | Arctor the Kobold Hexslinger began the quest for the Orb.
     0 | D:1      | Reached XP level 1. HP: 12/12 MP: 2/2
   167 | D:1      | Reached XP level 2. HP: 16/16 MP: 3/3
   405 | D:1      | Reached skill level 1 in Stealth
   697 | D:1      | Reached XP level 3. HP: 20/20 MP: 5/5
  1057 | D:1      | Learned a level 2 spell: Jinxbite
  1061 | D:1      | Learned a level 3 spell: Call Canine Familiar
  1326 | D:2      | Reached XP level 4. HP: 22/26 MP: 6/6
  1925 | D:3      | Noticed an ice beast
  1938 | D:3      | Mangled by an ice beast

Illustrated notes

Levels and vault maps discovered:
D:1:      psy_arrival_basics, layout_loops_corners
D:2:      layout_loops_cross, nicolae_the_louvre
D:3:      layout_loops_ring, nicolae_ecumenical_oubliette,
          hellmonk_ghost_happy_afterlife, kennysheep_generic_room_13,
          uniq_crazy_yiuf_cottage, uniq_terence, uniq_ijyb

Skill      XL: |  1  2  3 |
---------------+----------+-----
Stealth        | 1 |  1.8
Ranged Weapons | 3 |  3.2
Dodging        | 3 |  3.1
Fighting       | |  1.9
Spellcasting   | |  1.8
Hexes          | |  3.2
Summonings     | |  0.3
Fire Magic     | |  1.0

Action                     |  1- 3 |  4- 6 || total
---------------------------+-------+-------++-------
   Fire: Sling             |    89 |    28 ||   117
   Cast: Jinxbite          |     1 |     3 ||     4
    Use: Scroll            |       |     3 ||     3
 Armour: Robe              |    26 |     8 ||    34
  Dodge: Dodged            |    45 |    15 ||    60
